 Dungeon Crawl Stone Soup version 0.31.0 (webtiles) character file.

Game seed: 11780497416504931111

1653 qw the Skirmisher (level 9, -1/55 HPs)
             Began as a Gargoyle Hunter on Jan 19, 2024.
             Was an Initiate of Okawaru.
             Slain by Maurice
             ... wielding a +0 short sword
              (2 damage)
             ... on level 6 of the Dungeon.
             The game lasted 00:00:24 (4740 turns).

qw the Skirmisher (Gargoyle Hunter)                 Turns: 4740, Time: 00:00:24

Health: -1/55      AC:  9    Str: 15    XL:     9   Next: 0%
Magic:  5/10       EV: 14    Int: 10    God:    Okawaru [......]
Gold:   0          SH:  0    Dex: 23    Spells: 8/8 levels left

rFire   + . .        i - +0 arbalest
rCold   . . .        (shield currently unavailable)
rNeg    + . .        g - +1 robe {Will+}
rPois   inf          (no helmet)
rElec   +            (no cloak)
rCorr   .            (no gloves)
SInv    .            (no boots)
Will    +....        (no amulet)
Stlth   ++           l - +6 ring of dexterity
HPRegen 0.29/turn    c - ring of protection from fire
MPRegen 0.12/turn

%: no passive effects
@: no status effects
A: sickness immunity, AC +6, negative energy resistance 1, electricity
resistance, torment resistance 1, petrification resistance
a: Renounce Religion


You were on level 6 of the Dungeon.
You worshipped Okawaru.
Okawaru was noncommittal.
You visited 2 branches of the dungeon, and saw 8 of its levels.

You collected 18 gold pieces.
You spent 18 gold pieces at shops.


Innate Abilities, Weirdness & Mutations

You are immune to sickness and miasma.
Your stone body is resilient. (AC +6)
You are immune to poison.
You resist negative energy. (rN+)
You are resistant to electric shocks. (rElec)
You are resistant to unholy torment.
You are immune to petrification.


   Skills:
 - Level 6.1 Fighting
 + Level 9.9 Ranged Weapons
 - Level 3.0 Dodging
 - Level 1.1 Stealth
 - Level 1.8 Invocations


You had 8 spell levels left.
You didn't know any spells.
Your spell library was empty.

Inventory:

Hand Weapons
 i - a +0 arbalest (weapon)
Armour
 e - a +0 ring mail
 g - a +1 robe of willpower (worn)
Jewellery
 c - a ring of protection from fire (right hand)
 l - a +6 ring of dexterity (left hand)
Wands
 j - a wand of mindburst (5)
Potions
 a - a potion of heal wounds
 b - a potion of enlightenment
 d - 2 potions of curing
 f - a potion of haste
 h - a potion of might {unknown}

Dungeon Overview and Level Annotations

Branches:
Dungeon (7/15)             Temple (1/1) D:5

Altars:
Ashenzari
Cheibriados
Dithmenos
Elyvilon
Fedhas
Gozag
Hepliaklqana
Kikubaaqudgha
Makhleb
Nemelex Xobeh
Okawaru
Qazlal
Sif Muna
Trog
Uskayaw
Vehumet
Wu Jian
Xom
Yredelemnul
Zin
The Shining One

Shops:
D:1 ***

Annotations:
D:7 Maurice


Message History

Reactivating autopickup.
You feel like a meek peon again.
There is a stone staircase leading down here.
Enter note:
Enter note:
Enter note:
Enter note:
Enter note:
Enter note:
Enter note:
Enter note:
Enter note:
Enter note:
Enter note:
Enter note:
Enter note:
Enter note:
Enter note:
Enter note:
Enter note:
Enter note:
Enter note:
Enter note:
Enter note:
Enter note:
Enter note:
Enter note:
Enter note:
Enter note:
4736 ||| FLEEEEING.
You hear a zap.
A bolt of light appears from out of thin air!
Deactivating autopickup; reactivate with Ctrl-A.
The bolt of light hits you!
You are confused.
You feel less confused. Something hits you.
Something grunts, "Curses!"
Something bites you.
You die...

.(........# #.... ##........#
#.... #........## ### #....
#.........# #.#############....
##...<....# #...#.##...........
###........####.#.#.##...........
..[..................#......)###.
#######..#.###..#..............#.
#######.........@................
......##.#.###...?...#...#)#####.
#####........[...8...#...[.# #.
#######.........8>8..##..#.# #.
.....##...[......8.........## #.
.....##...[.................# #.
.....###....................# #.
..............##..##...###..####.
.)............................#.#


There were no monsters in sight!

Vanquished Creatures
  A water moccasin (D:5)
  An ice beast (D:6)
  2 black bears
  A centaur (D:5)
  2 phantoms
  A bullfrog (D:7)
  3 scorpions
  A howler monkey (D:5)
  4 jellies
  3 hounds
  2 orc priests
  5 iguanas
  A sleepcap (D:6)
  4 orc wizards
  12 gnolls
  5 adders
  A dart slug (D:1)
  A ribbon worm (D:2)
  20 orcs
  10 endoplasms
  A giant cockroach (D:1)
  5 goblins
  4 hobgoblins
  4 jackals
  4 quokkas
  4 ball pythons
  3 bats (D:2)
  7 frilled lizards
  5 kobolds
  4 rats
121 creatures vanquished.

Notes
Turn   | Place    | Note
-------+----------+-------------------------------------------
     0 | D:1      | qw the Gargoyle Hunter began the quest for the Orb.
     0 | D:1      | Reached XP level 1. HP: 12/12 MP: 1/1
     0 | D:1      | 0 ||| qw: Version: 0.3-a-132-g3d54051
     0 | D:1      | 0 ||| qw: Game counter: 382
     0 | D:1      | 0 ||| qw: Melee chars always use a shield: true
     0 | D:1      | 0 ||| qw: God list: Okawaru
     0 | D:1      | 0 ||| qw: Allow faded altars: false
     0 | D:1      | 0 ||| qw: Do Orc after clearing Dungeon:15 true
     0 | D:1      | 0 ||| qw: Do second Lair branch before Depths: true
     0 | D:1      | 0 ||| qw: Lair rune preference: random
     0 | D:1      | 0 ||| qw: Goals: Normal
     0 | D:1      | 0 ||| PLANNING D:1-11
    28 | D:1      | Found Ryostrill's Assorted Antiques.
    39 | D:1      | 39 ||| SHOPLISTING emerald potion (18 gold, have 17).
    39 | D:1      | 39 ||| SHOPLISTING fizzy inky potion (18 gold, have 17).
    39 | D:1      | 39 ||| SHOPLISTING lumpy puce potion (18 gold, have 17).
    39 | D:1      | 39 ||| SHOPLISTING scroll labelled RISCHO MEATAILO (21
                  | gold, have 17).
    39 | D:1      | 39 ||| SHOPLISTING scroll labelled SESULE MOIN (21 gold,
                  | have 17).
    39 | D:1      | 39 ||| SHOPLISTING short brass wand (84 gold, have 17).
    64 | D:1      | Reached XP level 2. HP: 17/17 MP: 2/2
   179 | D:1      | Found a faded altar of an unknown god.
   188 | D:1      | Reached XP level 3. HP: 13/21 MP: 3/3
   272 | D:1      | Reached skill level 5 in Ranged Weapons
   370 | D:1      | Found Biuh's Assorted Antiques.
   378 | D:1      | 378 ||| BUYING lumpy puce potion (18 gold).
   378 | D:1      | Bought a lumpy puce potion for 18 gold pieces
   378 | D:1      | 378 ||| SHOPLISTING ring mail (80 gold, have 19).
   378 | D:1      | 378 ||| SHOPLISTING scroll labelled DAILO GOECRAO (20 gold,
                  | have 19).
   378 | D:1      | 378 ||| SHOPLISTING scroll labelled ECYNEA QIMNI (20 gold,
                  | have 19).
   456 | D:1      | Found Naatram's Assorted Antiques.
   461 | D:1      | 461 ||| SHOPLISTING 2 amethyst potions (50 gold, have 19).
   461 | D:1      | 461 ||| SHOPLISTING 2 lumpy puce potions (50 gold, have
                  | 19).
   461 | D:1      | 461 ||| SHOPLISTING runed hat (196 gold, have 19).
   461 | D:1      | 461 ||| SHOPLISTING scroll labelled AWUEPPACOE (28 gold,
                  | have 19).
   461 | D:1      | 461 ||| SHOPLISTING scroll labelled NYGOAM KASINAULUB (28
                  | gold, have 19).
   461 | D:1      | 461 ||| SHOPLISTING scroll labelled SATESK TAALIGH (28
                  | gold, have 19).
   588 | D:1      | 588 ||| READING scroll labelled FAOKKO CU ITI.
   589 | D:1      | 589 ||| READING scroll labelled DOSANW RIEWUTE.
   589 | D:1      | 589 ||| BRANDING +0 shortbow.
   590 | D:1      | 590 ||| DRINKING 2 emerald potions.
   591 | D:1      | 591 ||| DROPPING scroll of butterflies.
   724 | D:2      | Reached skill level 3 in Fighting
   724 | D:2      | 724 ||| FLEEEEING.
   839 | D:2      | 839 ||| FLEEEEING.
   877 | D:2      | Reached XP level 4. HP: 28/28 MP: 4/4
  1134 | D:2      | 1134 ||| UPGRADING to +1 robe of willpower.
  1144 | D:2      | 1144 ||| DROPPING scarf of harm.
  1145 | D:2      | 1145 ||| UPGRADING to ring of protection from cold.
  1146 | D:2      | 1146 ||| READING 2 scrolls labelled ECYNEA QIMNI.
  1146 | D:2      | 1146 ||| IDENTIFYING red potion
  1147 | D:2      | 1147 ||| READING scroll of identify.
  1147 | D:2      | 1147 ||| IDENTIFYING 2 lumpy puce potions
  1148 | D:2      | 1148 ||| READING scroll labelled CAIM QAAH LUA.
  1149 | D:2      | 1149 ||| READING scroll labelled PIN BOQATUCE.
  1149 | D:2      | 1149 ||| ENCHANTING +0 shortbow of flaming.
  1150 | D:2      | 1150 ||| READING scroll labelled MODWAGI REZY.
  1151 | D:2      | 1151 ||| DROPPING 2 potions of brilliance.
  1251 | D:3      | 1251 ||| RETREEEEATING.
  1263 | D:3      | Reached XP level 5. HP: 16/32 MP: 5/5
  1413 | D:3      | Reached skill level 6 in Ranged Weapons
  1827 | D:3      | 1827 ||| DROPPING +0 leather armour.
  1840 | D:4      | Noticed a phantom
  1854 | D:4      | Killed a phantom
  1855 | D:4      | Reached XP level 6. HP: 38/40 MP: 6/6
  2165 | D:4      | 2165 ||| FLEEEEING.
  2269 | D:4      | Noticed a black bear
  2270 | D:4      | 2270 ||| SWAPPING to +0 arbalest.
  2274 | D:4      | Killed a black bear
  2275 | D:4      | Reached skill level 7 in Ranged Weapons
  2275 | D:4      | Reached XP level 7. HP: 40/44 MP: 7/7
  2289 | D:4      | 2289 ||| DROPPING +1 shortbow of flaming.
  2503 | D:4      | Identified the maw talisman "Poduok" {rElec}
  2779 | D:4      | 2779 ||| READING scroll of identify.
  2779 | D:4      | 2779 ||| IDENTIFYING inky potion
  2780 | D:4      | 2780 ||| READING scroll labelled SUEME KAJAK.
  2781 | D:4      | 2781 ||| DRINKING 2 lumpy golden potions.
  2811 | D:4      | 2811 ||| DROPPING potion of lignification.
  2847 | D:5      | Entered Level 5 of the Dungeon
  2896 | D:5      | Reached skill level 8 in Ranged Weapons
  3063 | D:5      | HP: 10/44 [water moccasin (5)]
  3064 | D:5      | HP: 1/44 [water moccasin (6)]
  3066 | D:5      | Reached XP level 8. HP: 1/50 MP: 8/8
  3066 | D:5      | 3066 ||| FLEEEEING.
  3527 | D:5      | Found a staircase to the Ecumenical Temple.
  3528 | D:5      | 3528 ||| PLANNING TEMPLE
  3528 | D:5      | 3528 ||| READING scroll labelled SESULE MOIN.
  3529 | D:5      | 3529 ||| READING scroll labelled SATESK TAALIGH.
  3530 | D:5      | 3530 ||| FLEEEEING.
  3579 | Temple   | Entered the Ecumenical Temple
  3580 | Temple   | 3580 ||| PLANNING OKAWARU WORSHIP
  3588 | Temple   | Became a worshipper of Warmaster Okawaru
  3589 | Temple   | 3589 ||| PLANNING D:1-11
  3739 | D:6      | Reached skill level 9 in Ranged Weapons
  3739 | D:6      | 3739 ||| FLEEEEING.
  3746 | D:6      | 3746 ||| STAIRDANCE
  3879 | D:6      | Reached skill level 6 in Fighting
  3885 | D:6      | 3885 ||| FLEEEEING.
  4048 | D:6      | 4048 ||| FLEEEEING.
  4049 | D:6      | 4049 ||| FLEEEEING.
  4051 | D:6      | 4051 ||| FLEEEEING.
  4052 | D:6      | 4052 ||| FLEEEEING.
  4053 | D:6      | 4053 ||| FLEEEEING.
  4055 | D:6      | 4055 ||| FLEEEEING.
  4056 | D:6      | 4056 ||| FLEEEEING.
  4067 | D:6      | 4067 ||| FLEEEEING.
  4078 | D:6      | 4078 ||| FLEEEEING.
  4079 | D:6      | 4079 ||| STAIRDANCE
  4139 | D:5      | 4139 ||| UPGRADING to ring of protection from fire.
  4140 | D:5      | 4140 ||| UPGRADING to +6 ring of dexterity.
  4142 | D:5      | 4142 ||| READING scroll of identify.
  4142 | D:5      | 4142 ||| IDENTIFYING fizzy inky potion
  4295 | D:6      | Reached skill level 3 in Dodging
  4316 | D:6      | Reached * piety under Okawaru
  4351 | D:6      | Reached skill level 1 in Invocations
  4357 | D:6      | 4357 ||| FLEEEEING.
  4504 | D:7      | Noticed Maurice
  4505 | D:7      | 4505 ||| INVOKING Heroism.
  4511 | D:7      | Reached XP level 9. HP: 55/55 MP: 6/10
  4514 | D:7      | Maurice stole a ring of protection from cold
  4518 | D:7      | 4518 ||| INVOKING Heroism.
  4522 | D:7      | Something stole 136 gold
  4523 | D:7      | Something stole 129 gold
  4524 | D:7      | 4524 ||| FLEEEEING.
  4524 | D:7      | HP: 7/55 [something/bolt of light (16)]
  4525 | D:7      | HP: 1/55 [something/bolt of light (6)]
  4529 | D:7      | 4529 ||| STAIRDANCE
  4602 | D:6      | 4602 ||| FLEEEEING.
  4610 | D:6      | 4610 ||| STAIRDANCE
  4723 | D:7      | 4723 ||| INVOKING Heroism.
  4734 | D:7      | 4734 ||| STAIRDANCE
  4736 | D:6      | 4736 ||| FLEEEEING.
  4737 | D:6      | HP: 1/55 [something/bolt of light (14)]
  4740 | D:6      | Slain by Maurice

Levels and vault maps discovered:
D:1:      lemuel_arrival_funnel, layout_rooms, ebering_ecumenical_altar_webs,
          serial_shops, nicolae_shop_tiny_glass, shop, nicolae_square_shop,
          nicolae_titane
D:2:      layout_rooms
D:3:      layout_loops_cross
D:4:      layout_loops_corners
D:5:      layout_basic, minmay_temple_entry_waves
D:6:      layout_rooms, st_stairs_14, minmay_lizard_king
D:7:      layout_basic, minivault_4, eino_jars, uniq_maurice
Temple:   grunt_wide_crystal_templ

Skill      XL: |  1  2  3  4  5  6  7  8 |
---------------+-------------------------+-----
Ranged Weapons | 5 6 7 8 9 |  9.9
Fighting       | 3 4 5 6 |  6.1
Dodging        | 2 3 |  3.0
Invocations    | 1 |  1.8
Stealth        | |  1.1

Action                     |  1- 3 |  4- 6 |  7- 9 || total
---------------------------+-------+-------+-------++-------
   Fire: Shortbow          |    85 |   122 |       ||   207
         Arbalest          |       |     4 |   172 ||   176
 Invoke: Heroism           |       |       |     3 ||     3
    Use: Scroll            |     2 |     5 |     5 ||    12
         Potion            |     1 |       |     1 ||     2
 Armour: Leather armour    |    35 |     1 |       ||    36
         Robe              |       |    32 |    92 ||   124
  Dodge: Dodged            |    34 |    28 |    53 ||   115

Table legend:
 A = Non-vault XP
 B = Vault XP
 C = Vault XP percentage of total XP
 D = Non-vault monster count
 E = Vault monster count
 F = Vault count percentage of total count
                 A         B        C        D         E       F
            +---------+---------+-------+---------+---------+-------
      Total |    2237 |     125 |   5.3 |     111 |      10 |   8.3
            +---------+---------+-------+---------+---------+-------
        D:1 |      43 |       0 |   0.0 |      16 |       0 |   0.0
        D:2 |      56 |       0 |   0.0 |      18 |       0 |   0.0
        D:3 |     161 |       0 |   0.0 |      26 |       0 |   0.0
        D:4 |     510 |       0 |   0.0 |      17 |       0 |   0.0
        D:5 |     635 |       0 |   0.0 |       9 |       0 |   0.0
        D:6 |     744 |     125 |  14.4 |      24 |      10 |  29.4
        D:7 |      88 |       0 |   0.0 |       1 |       0 |   0.0
            +---------+---------+-------+---------+---------+-------
